 Dungeon Crawl Stone Soup version 0.30-a0-576-g89cddaab80 (webtiles) character file.

Game seed: 9092897658906429391

9 kae the Insei (level 2, -2/21 HPs)
             Began as a Demonspawn Transmuter on Dec 30, 2022.
             Slain by a quokka (3 damage)
             ... on level 1 of the Dungeon.
             The game lasted 00:00:13 (93 turns).

kae the Insei (Demonspawn Transmuter)                 Turns: 93, Time: 00:00:14

Health: -2/21      AC:  2    Str: 10    XL:     2   Next: 3%
Magic:  5/5        EV: 12    Int: 14    God:
Gold:   0          SH:  0    Dex: 13    Spells: 4/5 levels left

rFire   . . .      SeeInvis .      - Unarmed
rCold   . . .      Faith    .    (no shield)
rNeg    . . .      Spirit   .    a - +0 robe
rPois   .          Reflect  .    (no helmet)
rElec   .          Harm     .    (no cloak)
rCorr   .          Rampage  .    (no gloves)
Will    .....                    (no boots)
Stlth   +                        (no amulet)
HPRegen 0.23/turn                (no ring)
MPRegen 0.18/turn                (no ring)

@: no status effects
A: magic regeneration
a: no special abilities


You were on level 1 of the Dungeon.
You visited 1 branch of the dungeon, and saw 1 of its levels.


Innate Abilities, Weirdness & Mutations

You regenerate magic rapidly.


   Skills:
 - Level 1.0 Fighting
 - Level 1.7 Dodging
 + Level 2.8 Unarmed Combat
 + Level 2.1 Spellcasting
 * Level 2.2 Transmutations


You had 4 spell levels left.
You knew the following spells:

 Your Spells              Type           Power      Damage    Failure   Level
a - Beastly Appendage     Tmut           14%        N/A       10%         1

Your spell library contained the following spells:

 Spells                   Type           Power      Damage    Failure   Level
 Wereblood                Tmut           7%         N/A       14%         2
 Spider Form              Tmut/Pois      4%         N/A       41%         3
 Ice Form                 Ice/Tmut       4%         N/A       83%         4

Inventory:

Armour
 a - a +0 robe (worn)
Scrolls
 d - a scroll of teleportation {unknown}
Potions
 b - a potion of lignification {!q}
 c - a potion of magic {unknown}

Dungeon Overview and Level Annotations

Branches:
Dungeon (1/15) Zot: 5908

Altars:

....#.# #..#.#..#.#.#.# ..##
....#.# #..#.##.#...... ..[..
#...#.# #...>##.#.#.#.##......
....#.# #....##.#.#..........
##..#.###....##.#.#.#.##[.#.#.
..).............#.#...........
##..#..#.....##.#.#....>...h.h
....#...........#r......#.....
#...#.....#..#..@####.......#.
....#........#...# #.#.###..
....#........#...# #.#...
....#............# #.#####
...##............# #.#
#............# #.# #..#.#.##
#.# .......#


You could see a quokka.


Message History

d - a scroll labelled LARGHO ZIT ZERGH A jackal comes into view.
Your horns disappear.
Your talons disappear.
A jackal is nearby!
A jackal is nearby!
Casting: Beastly Appendage (safe; 11% risk of failure)
Confirm with . or Enter, or press ? or * to list all spells.
You grow a pair of large bovine horns.
Your feet morph into talons.
The jackal barks!
A hobgoblin comes into view. 😎 MP[-1]
You lost 1 mp, and now have 1/3 mp.
The hobgoblin shouts!
You hear an angry hiss. 2 jackals come into view.
Your transformation is almost over.
The jackal barks!
The jackal bites you but does no damage. 😎 MP[+1]
The jackal attacks as you move away! The jackal barely misses you.
The jackal bites you but does no damage.
The jackal attacks as you move away! The jackal barely misses you.
Things that are here:
a +0 short sword; a kobold corpse You barely miss the jackal.
The jackal barks!
The jackal bites you. The jackal barely misses you. 😕 HP[-1]
You take 1 damage, and now have 14/15 hp.
You completely miss the jackal. Your kick misses the jackal.
Your headbutt misses the jackal. The jackal barely misses you. 😎 HP[+1]
Your hp is fully restored (15).
You hit the jackal.
The jackal bites you but does no damage.
You hit the jackal but do no damage.
The jackal bites you but does no damage.
The jackal bites you. 😕 HP[-3]
You take 3 damage, and now have 12/15 hp.
You hit the jackal but do no damage.
Your horns disappear.
Your talons disappear.
The jackal closely misses you.
A quokka comes into view.
You hit the jackal but do no damage. The jackal closely misses you.
A frilled lizard comes into view.
You barely miss the jackal. The jackal barely misses you. The jackal bites you.
You miss the jackal. The jackal closely misses you.
You closely miss the jackal. The jackal barely misses you. 😕 MP[+1]
Your mp is fully restored (3).
You barely miss the jackal. The jackal bites you. x2 😮 HP[-2]
You take 2 damage, and now have 10/15 hp.
You barely miss the jackal. The jackal bites you. 😮 HP[-2]
You take 2 damage, and now have 8/15 hp.
You hit the jackal. The jackal bites you.
* * * LOW HITPOINT WARNING * * *
😨 HP[-1]
You take 1 damage, and now have 7/15 hp.
You hit the jackal.
You kill the jackal!
Your Transmutations skill increases to level 2!
You hit the hobgoblin.
You kill the hobgoblin!
The jackal misses you.
You barely miss the jackal. The jackal barely misses you.
You hit the jackal. The jackal completely misses you.
You closely miss the jackal. The jackal barely misses you.
The jackal bites you but does no damage. 😮 HP[+1]
You hit the jackal. The jackal barely misses you.
You barely miss the jackal. The jackal bites you.
* * * LOW HITPOINT WARNING * * *
😨 HP[-2]
You take 2 damage, and now have 6/15 hp.
You hit the jackal but do no damage.
The jackal bites you but does no damage.
The jackal barely misses you.
You barely miss the jackal. The jackal completely misses you.
You miss the jackal. The jackal bites you.
* * * LOW HITPOINT WARNING * * *
You hit the jackal.
You kill the jackal!
The jackal bites you.
* * * LOW HITPOINT WARNING * * *
You hit the jackal. The jackal bites you.
* * * LOW HITPOINT WARNING * * *
You barely miss the jackal. You punch the jackal.
You kill the jackal!
You have reached level 2!
Your demonic ancestry asserts itself...
Your magic begins to regenerate rapidly.
You barely miss the quokka.
The quokka barely misses you. 😱 HP[-1] MP[+2]
You now have 21 max hp (+6).
Your mp is fully restored (5).
You closely miss the quokka. The quokka bites you.
* * * LOW HITPOINT WARNING * * *
The quokka bites you.
You die...

Skill      XL: |  1 |
---------------+----+-----
Transmutations | 2 |  2.2
Fighting       | |  1.0
Dodging        | |  1.7
Unarmed Combat | |  2.8
Spellcasting   | |  2.1

Action                   || total
-------------------------++-------
Melee: Unarmed           ||    32
       Kick              ||     1
       Headbutt          ||     1
       Punch             ||     1
 Cast: Beastly Appendage ||     4
Armor: Robe              ||     6
Dodge: Dodged            ||    18

Levels and vault maps discovered:
D:1:      matt_arrival_grand_opening, layout_basic,
          chequers_ecumenical_altar_island, minmay_lizard_king

Notes
Turn   | Place    | Note
-------+----------+-------------------------------------------
     0 | D:1      | kae the Demonspawn Transmuter began the quest for the Orb.
     0 | D:1      | Reached XP level 1. HP: 15/15 MP: 3/3
     0 | D:1      | magus.rc [v1.11.3]
    80 | D:1      | Reached skill level 2 in Transmutations
    90 | D:1      | HP: 3/15 [jackal (1)]
    92 | D:1      | Gained mutation: You regenerate magic rapidly. [demonic
                  | ancestry]
    92 | D:1      | Reached XP level 2. HP: 5/21 MP: 5/5
    93 | D:1      | HP: 1/21 [quokka (4)]
    93 | D:1      | Slain by a quokka

Vanquished Creatures
  An endoplasm (D:1)
  A goblin (D:1)
  A hobgoblin (D:1)
  3 jackals (D:1)
  A kobold (D:1)
7 creatures vanquished.

Table legend:
 A = Non-vault XP
 B = Vault XP
 C = Vault XP percentage of total XP
 D = Non-vault monster count
 E = Vault monster count
 F = Vault count percentage of total count
                 A         B        C        D         E       F
            +---------+---------+-------+---------+---------+-------
      Total |      13 |       0 |   0.0 |       7 |       0 |   0.0
            +---------+---------+-------+---------+---------+-------
        D:1 |      13 |       0 |   0.0 |       7 |       0 |   0.0
            +---------+---------+-------+---------+---------+-------

Illustrated notes

Table legend:
 A = Kills in this place as a percentage of kills in entire the game.
 B = Kills by you in this place as a percentage of kills by you in the entire game.
 C = Kills by friends in this place as a percentage of kills by friends in the entire game.
 D = Other kills in this place as a percentage of other kills in the entire game.
 E = Experience gained in this place as a percentage of experience gained in the entire game.
 F = Experience gained in this place divided by the number of levels of this place that you have seen.
                   A       B       C       D       E      F
               +-------+-------+-------+-------+-------+----------------------
         Total | 100.0 | 100.0 |   N/A |   N/A | 100.0 |  13.0
       Dungeon | 100.0 | 100.0 |   N/A |   N/A | 100.0 |  13.0
               +-------+-------+-------+-------+-------+----------------------

Table legend: (Time is in decaauts)
 A = Elapsed time spent in this place.
 B = Non-inter-level travel time spent in this place.
 C = Inter-level travel time spent in this place.
 D = Time resting spent in this place.
 E = Time spent auto-exploring this place.
 F = Levels seen in this place.
 G = Mean time per level.
                   A        B        C        D        E       F      G
               +--------+--------+--------+--------+--------+-----+--------+
         Total |     91 |     91 |      0 |      0 |     32 |   1 |   91.0 |
       Dungeon |     91 |     91 |      0 |      0 |     32 |   1 |   91.0 |
               +--------+--------+--------+--------+--------+-----+--------+

Top non-repeatable levels by time:
     D:1: 91 daAuts
